 Dungeon Crawl Stone Soup version 0.19.0-19-g8c6edcc (webtiles) character file.

49 Leybi the Sneak (level 3, 0/18 HPs)
             Began as a Vine Stalker Assassin on Nov 13, 2016.
             Succumbed to an adder's poison
             ... on level 2 of the Dungeon.
             The game lasted 00:03:24 (2010 turns).

Leybi the Sneak (Vine Stalker Assassin)             Turns: 2010, Time: 00:03:25

Health: 0/18       AC:  3    Str: 13    XL:     3   Next: 77%
Magic:  1/4        EV: 11    Int: 11    God:
Gold:   82         SH:  0    Dex: 16    Spells: 0 memorised, 2 levels left

rFire  . . .     SeeInvis .     a - +2 dagger
rCold  . . .     Gourm    .     c - +0 robe
rNeg   . . .     Faith    .     (no shield)
rPois  .         Spirit   +     (no helmet)
rElec  .         Reflect  .     d - +0 cloak
rCorr  .         Harm     .     (no gloves)
MR     .....                    (no boots)
Stlth  +++.......               (no amulet)
                                (no ring)
                                (no ring)

@: lethally poisoned (0 -> -2)
A: fangs 2, magic shield, antimagic bite, no device heal 3, rot immunity
a: no special abilities


You were on level 2 of the Dungeon.
You were not hungry.

You visited 1 branch of the dungeon, and saw 3 of its levels.

You collected 82 gold pieces.

Inventory:

Hand Weapons
 a - a +2 dagger (weapon)
 b - a +0 blowgun
 p - a cursed -2 dagger
Missiles
 e - 15 poisoned needles
 f - 2 curare-tipped needles
Armour
 c - a +0 robe (worn)
 d - a +0 cloak (worn)
Jewellery
 l - a +2 amulet of reflection {unknown}
Wands
 t - a wand of random effects (34/48)
Scrolls
 h - a scroll of immolation {unknown}
 i - 4 scrolls of identify {unknown}
 n - a scroll of fog {unknown}
Potions
 j - 2 potions of haste {unknown}
 m - 2 potions of lignification {unknown}
 r - a potion of heal wounds {unknown}
 s - 2 potions of degeneration {unknown}
Comestibles
 g - 2 bread rations
 k - a beef jerky
 o - 4 fruits
 q - a chunk of flesh


   Skills:
 - Level 1.7 Fighting
 - Level 1.7 Short Blades
 - Level 1.7 Throwing
 - Level 0.7 Dodging
 + Level 6.7 Stealth


You had 2 spell levels left.
You didn't know any spells.

Dungeon Overview and Level Annotations

Branches:
Dungeon (3/15)

Altars:


Innate Abilities, Weirdness & Mutations

You have extremely sharp teeth.
When hurt, damage is shared between your health and your magic reserves.
Your bite disrupts and absorbs the magic of your enemies.
Potions and wands cannot restore your health.
You are immune to rotting.


Message History

You feel sick. The adder closely misses you.
* * * LOW HITPOINT WARNING * * *
You feel sick. The adder bites you but does no damage.
* * * LOW HITPOINT WARNING * * *
You feel sick. The adder misses you.
Some of the chunks of flesh in your inventory have rotted away.
The adder bites you but does no damage.
* * * LOW HITPOINT WARNING * * *
You feel sick.
There is a stone staircase leading up here.
The adder barely misses you. The adder bites you.
You climb upwards.
There is a stone staircase leading down here.
You hit the adder. You bite the adder. You drain its power.
You feel invigorated.
The adder is heavily wounded.
The adder bites you.
You hit the adder.
The adder is severely wounded.
You die...

########### #. #.........#
###. #.#######.# #... #.#
#.##########... #.#
#.............. #.#
############... #.# #...
#####.###### ######.
#....#...S@#### #....#.
#.#.#.##.#....#######.##.#.
###.#.#.##.#............##.#.
#...#.#.##........######.....
#..........................##
#...#.#...........####.......
##..#.####.#....### #.#.#(..
#..#.####.#....# #.#....#
#.........#.#.#######.#.....


You could see an adder.

Vanquished Creatures
  An adder (D:3)
  2 dart slugs (D:1)
  A leopard gecko (D:3)
  A goblin (D:1)
  3 hobgoblins (D:1)
  10 jackals
  6 kobolds
  3 bats
  A frilled lizard (D:1)
  6 rats
34 creatures vanquished.

Notes
Turn   | Place    | Note
-------+----------+-------------------------------------------
     0 | D:1      | Leybi the Vine Stalker Assassin began the quest for the Orb.
     0 | D:1      | Reached XP level 1. HP: 11/11 MP: 2/2
    23 | D:1      | Reached skill level 5 in Stealth
   176 | D:1      | Reached XP level 2. HP: 15/15 MP: 3/3
   664 | D:1      | You fall through a shaft!
   712 | D:1      | Reached skill level 6 in Stealth
   857 | D:1      | Reached XP level 3. HP: 13/18 MP: 4/4
  2010 | D:2      | Succumbed to an adder's poison

Skill      XL: |  1  2 |
---------------+-------+-----
Stealth        | 5 6 |  6.7
Fighting       | |  1.7
Short Blades   | |  1.7
Throwing       | |  1.7
Dodging        | |  0.7

Action                   || total
-------------------------++-------
Melee: Dagger            ||   121
       Bite              ||    30
 Stab: Sleeping          ||     8
  Eat: Chunk             ||     3
Armor: Robe              ||    29
Dodge: Dodged            ||    70
